 Dungeon Crawl Stone Soup version 0.27-a0-323-gbd089401bb (webtiles) character file.

Game seed: 13202408569096301017

953 dickylongcocking the Cleaver (level 7, -1/60 HPs)
             Began as a Palentonga Monk on Feb 11, 2021.
             Slain by an orc warrior
             ... wielding a +0 scimitar
              (11 damage)
             ... in the Ecumenical Temple.
             The game lasted 00:05:59 (4550 turns).

dickylongcocking the Cleaver (Palentonga Monk)      Turns: 4550, Time: 00:06:00

Health: -1/60      AC: 14    Str: 15    XL:     7   Next: 90%
Magic:  16/16      EV:  9    Int: 10    God:
Gold:   239        SH:  0    Dex: 14    Spells: 6/6 levels left

rFire    . . .     SeeInvis +   a - +0 hand axe
rCold    + . .     Faith    .   (no shield)
rNeg     . . .     Spirit   .   j - +1 ring mail {rC+}
rPois    .         Reflect  .   e - +0 helmet
rElec    .         Harm     .   (no cloak)
rCorr    +         Rampage  .   (no gloves)
Will     .....                  (no barding)
Stlth    +.........             f - amulet of regeneration
HPRegen  0.60/turn              p - ring of resist corrosion
MPRegen  0.15/turn              k - ring of magical power

@: curled up
A: large, rugged brown scales 3, see invisible, deformed body, roll 1, armoured
tail, reflexive curl
a: Rolling Charge


You were in the Ecumenical Temple.
You visited 2 branches of the dungeon, and saw 7 of its levels.

You collected 239 gold pieces.

Inventory:

Hand Weapons
 a - a +0 hand axe (weapon)
Armour
 b - a +0 robe
 e - a +0 helmet (worn)
 j - a +1 ring mail of cold resistance (worn)
Jewellery
 f - an amulet of regeneration (around neck)
 k - a ring of magical power (right hand)
 p - a ring of resist corrosion (left hand)
Wands
 r - a wand of acid (8)
Scrolls
 c - 8 scrolls of identify {unknown}
 d - a scroll of blinking {unknown}
 h - 2 scrolls of enchant armour {unknown}
 i - a scroll of teleportation
 l - a scroll of fog {unknown}
 m - a scroll of enchant weapon {unknown}
 n - a scroll of immolation {unknown}
 o - 3 scrolls of amnesia {unknown}
 s - a scroll of silence {unknown}
 t - a scroll of noise {unknown}
Potions
 g - a potion of curing
 q - a potion of resistance {unknown}
 u - 2 potions of heal wounds {unknown}
 v - a potion of flight {unknown}


   Skills:
 - Level 3.0 Fighting
 * Level 9.6 Axes
 - Level 2.4 Dodging
 - Level 1.2 Stealth


You had 6 spell levels left.
You didn't know any spells.
Your spell library was empty.

Dungeon Overview and Level Annotations

Branches:
Dungeon (6/15)             Temple (1/1) D:6

Altars:
Dithmenos
Makhleb
Nemelex Xobeh
Okawaru
Uskayaw
Wu Jian
Yredelemnul
Zin


Innate Abilities, Weirdness & Mutations

You are completely covered in rugged brown scales. (AC +3, +7% HP)
You have supernaturally acute eyesight. (SInv)
Armour fits poorly on your strangely shaped body.
You can roll at nearby foes to attack.
You have a long armoured tail.
You curl defensively after being hit.


Message History

The phantom is heavily damaged.
The phantom barely misses you.
You hit the phantom but do no damage.
The phantom is heavily damaged.
You closely miss the phantom.
The phantom is heavily damaged.
The phantom hits you.
The phantom blinks!
You blink.
You hit the phantom.
The phantom is heavily damaged.
You hit the orc warrior but do no damage.
The phantom hits you but does no damage.
The orc warrior closely misses you.
Press: ? - help, v - describe, . - travel
Here: an orc warrior, wielding a +0 scimitar and wearing a +0 plate armour (lightly wounded)
The floor.
Unknown command.
You hit the orc warrior but do no damage.
Your tail-slap misses the orc warrior.
The orc warrior is lightly wounded.
You hit the phantom. The phantom hits you.
The orc warrior hits you with a +0 scimitar!
* * * LOW HITPOINT WARNING * * *
Unknown command.
Unknown command.
You feel better. The phantom hits you!
* * * LOW HITPOINT WARNING * * *
Unknown command.
You feel better. The orc warrior closely misses you. The phantom hits you.
* * * LOW HITPOINT WARNING * * *
Unknown command.
Okay, then.
Okay, then.
Aiming: Corrosive Bolt
Press: ? - help, Shift-Dir - straight line, f - orc warrior
Aim: an orc warrior, wielding a +0 scimitar and wearing a +0 plate armour (lightly wounded, 29% to evade)
The bolt of acid hits the orc warrior!
The orc warrior is splashed with acid.
The acid corrodes the orc warrior!
The orc warrior is severely wounded.
The orc warrior hits you with a +0 scimitar!
You die...

##.## #...# ##
#._.#####
#...#...#.ยง.#
#._......._.#
#...##.##...#
## #...#####
#.Wo# #..@#
#####


You could see an orc warrior (corroded) and a phantom.

Vanquished Creatures
  Sigmund (D:5)
  An ice beast (D:5)
  An ogre (D:4)
  A howler monkey (D:5)
  3 hounds (D:5)
  2 jellies
  2 orc priests
  Jessica (D:3)
  3 orc wizards (D:3)
  A worker ant (D:5)
  A worker ant zombie (D:5)
  Robin (D:3)
  A gnoll (D:1)
  8 adders
  A shadow imp (D:5)
  A white imp (D:5)
  An adder skeleton (D:6)
  A worm (D:2)
  2 dart slugs (D:1)
  3 leopard geckos
  20 orcs
  4 giant cockroaches
  12 hobgoblins
  6 jackals
  8 kobolds
  3 quokkas
  A ball python (D:3)
  8 bats
  9 frilled lizards
  19 goblins
  2 leopard gecko skeletons
  A quokka skeleton (D:4)
  6 rats
135 creatures vanquished.

Vanquished Creatures (others)
  A kobold (D:1)
1 creature vanquished.

Grand Total: 136 creatures vanquished

Notes
Turn   | Place    | Note
-------+----------+-------------------------------------------
     0 | D:1      | dickylongcocking the Palentonga Monk began the quest for
                  | the Orb.
     0 | D:1      | Reached XP level 1. HP: 20/20 MP: 1/1
    24 | D:1      | HP: 1/20 [gnoll/+0 club (7)]
    99 | D:1      | Reached XP level 2. HP: 8/27 MP: 2/2
   105 | D:1      | Reached skill level 4 in Axes
   442 | D:1      | Reached XP level 3. HP: 23/33 MP: 3/3
  1330 | D:2      | Reached XP level 4. HP: 40/40 MP: 4/4
  1334 | D:2      | Reached skill level 5 in Axes
  1686 | D:3      | Noticed Jessica
  1710 | D:3      | Killed Jessica
  1867 | D:3      | Reached XP level 5. HP: 41/48 MP: 5/5
  2023 | D:3      | Noticed Robin
  2041 | D:3      | Reached skill level 6 in Axes
  2117 | D:3      | Killed Robin
  2605 | D:3      | Reached XP level 6. HP: 32/54 MP: 6/6
  2943 | D:4      | Reached skill level 7 in Axes
  3455 | D:4      | Found a glowing silver altar of Zin.
  3456 | D:4      | Found a hide-covered altar of Uskayaw.
  3593 | D:5      | Entered Level 5 of the Dungeon
  3793 | D:5      | Reached skill level 8 in Axes
  3793 | D:5      | Gained mutation: You curl defensively after being hit.
                  | [Palentonga growth]
  3793 | D:5      | Reached XP level 7. HP: 36/60 MP: 7/7
  3875 | D:5      | Noticed Sigmund
  3877 | D:5      | Killed Sigmund
  3915 | D:5      | Reached skill level 9 in Axes
  3922 | D:5      | Found a shadowy altar of Dithmenos.
  4352 | D:5      | Found a basalt altar of Yredelemnul.
  4510 | D:6      | Found a staircase to the Ecumenical Temple.
  4536 | Temple   | Entered the Ecumenical Temple
  4550 | Temple   | Slain by an orc warrior

Illustrated notes

Levels and vault maps discovered:
D:1:      nicolae_arrival_memento_mori, layout_basic, minmay_three_crescents
D:2:      layout_basic, minmay_quadrilaterals
D:3:      layout_rooms, guppyfry_early_orc_mine, uniq_jessica, uniq_robin
D:4:      layout_gridville, gammafunk_temple_overflow_statue
D:5:      layout_basic, yredelemnul_altar_generic, portal_sewer_entry_d,
          grunt_dithmenos_shadows, uniq_sigmund
D:6:      layout_rooms, minmay_temple_entry_stoned_glass,
          gup_ossuary_entry_pyramid
Temple:   eino_wide_crystal_templ

Skill      XL: |  1  2  3  4  5  6  7 |
---------------+----------------------+-----
Axes           | 4 5 6 8 9 |  9.6
Fighting       | |  3.0
Dodging        | |  2.4
Stealth        | |  1.2

Action                   |  1- 3 |  4- 6 |  7- 9 || total
-------------------------+-------+-------+-------++-------
Melee: Hand axe          |    95 |   255 |    86 ||   436
       Tailslap          |     5 |    31 |    14 ||    50
 Abil: Rolling Charge    |    41 |    11 |     3 ||    55
Evoke: Wand              |       |       |     1 ||     1
  Use: Potion            |       |     4 |     2 ||     6
       Scroll            |       |       |     1 ||     1
 Stab: Sleeping          |       |     1 |     3 ||     4
Armor: Robe              |    27 |     2 |       ||    29
       Ring mail         |       |   130 |    36 ||   166
Dodge: Dodged            |    42 |   148 |    36 ||   226

Table legend: (Time is in decaauts)
 A = Elapsed time spent in this place.
 B = Non-inter-level travel time spent in this place.
 C = Inter-level travel time spent in this place.
 D = Time resting spent in this place.
 E = Time spent auto-exploring this place.
 F = Levels seen in this place.
 G = Mean time per level.
                   A        B        C        D        E       F      G
               +--------+--------+--------+--------+--------+-----+--------+
         Total |   4540 |   4421 |    119 |    237 |   3255 |   7 |  648.6 |
       Dungeon |   4528 |   4409 |    119 |    237 |   3255 |   6 |  754.7 |
        Temple |     11 |     11 |      0 |      0 |      0 |   1 |   11.0 |
               +--------+--------+--------+--------+--------+-----+--------+

Top non-repeatable levels by time:
     D:3: 1042 daAuts
     D:1: 1001 daAuts
     D:5: 902 daAuts
     D:4: 865 daAuts
     D:2: 689 daAuts
     D:6: 27 daAuts
  Temple: 11 daAuts
